 Dungeon Crawl Stone Soup version 0.29-a0-241-g20d21d4356 (webtiles) character file.

Game seed: 11240463663399534201

53 Ordine the Cudgeller (level 3, -2/22 HPs)
             Began as a Tengu Warper on Mar 4, 2022.
             Slain by a gnoll
             ... wielding a +0 whip
              (4 damage)
             ... on level 2 of the Dungeon.
             The game lasted 00:04:10 (2675 turns).

Ordine the Cudgeller (Tengu Warper)                 Turns: 2675, Time: 00:04:10

Health: -2/22      AC:  4    Str: 13    XL:     3   Next: 89%
Magic:  7/7        EV: 12    Int: 19    God:
Gold:   69         SH:  0    Dex: 13    Spells: 6/6 levels left

rFire   . . .      SeeInvis .   a - +0 mace
rCold   . . .      Faith    .   (no shield)
rNeg    . . .      Spirit   .   b - +0 leather armour
rPois   .          Reflect  .   (helmet restricted)
rElec   .          Harm     .   (no cloak)
rCorr   .          Rampage  .   g - +0 pair of gloves
Will    .....                   (boots unavailable)
Stlth   +.........              (no amulet)
HPRegen 0.07/turn               i - +6 ring of intelligence
MPRegen 0.10/turn               (no ring)

@: no status effects
A: beak, talons 3
a: no special abilities


You were on level 2 of the Dungeon.
You visited 1 branch of the dungeon, and saw 2 of its levels.

You collected 69 gold pieces.

Inventory:

Hand Weapons
 a - a +0 mace (weapon)
Missiles
 d - 5 boomerangs of dispersal
Armour
 b - a +0 leather armour (worn)
 g - a +0 pair of gloves (worn)
Jewellery
 i - a +6 ring of intelligence (left hand)
Scrolls
 c - a scroll of blinking
 f - a scroll of identify {unknown}
 j - 2 scrolls of teleportation {unknown}
 m - a scroll of noise {unknown}
 p - 2 scrolls of immolation {unknown}
Potions
 e - a potion of curing
 h - a potion of degeneration {unknown}
 k - a potion of flight {unknown}
 l - a potion of haste {unknown}
 n - a potion of heal wounds {unknown}
 o - a potion of mutation {unknown}
 q - a potion of magic {unknown}


   Skills:
 + Level 2.5 Fighting
 * Level 3.5 Maces & Flails
 + Level 1.9 Throwing
 - Level 1.1 Armour
 - Level 2.1 Dodging
 - Level 2.0 Spellcasting
 - Level 2.4 Translocations


You had 6 spell levels left.
You didn't know any spells.
Your spell library contained the following spells:

 Spells                   Type           Power      Damage    Failure   Level
 Blink                    Tloc           22%        N/A       12%         2
 Pain                     Necr           4%         1d4       22%         1
 Gell's Gravitas          Tloc           11%        N/A       24%         3
 Lesser Beckoning         Tloc           11%        N/A       24%         3
 Teleport Other           Tloc           11%        N/A       24%         3
 Manifold Assault         Tloc           11%        N/A       92%         5
 Agony                    Necr           1%         N/A       99%         5
 Excruciating Wounds      Necr           0%         N/A       99%         5


Dungeon Overview and Level Annotations

Branches:
Dungeon (2/15)

Altars:


Innate Abilities, Weirdness & Mutations

You have a beak for a mouth.
You have claws for feet.


Message History

You climb upwards.
There is a stone staircase leading down here.
You sock the gnoll! You claw the gnoll. Your peck misses the gnoll.
The gnoll is severely wounded.
The gnoll hits you with a +0 spear. x2
You hit the gnoll. You peck the gnoll.
You kill the gnoll!
No target in view!
No target in view!
HP restored.
You now have 69 gold pieces (gained 10).
Things that are here:
a +0 spear; a gnoll corpse
There is a stone staircase leading down here.
You climb downwards.
The gnoll hits you from afar with a +0 spear.
There is a stone staircase leading up here.
The gnoll closely misses you.
You hit the gnoll. You claw the gnoll.
The gnoll is moderately wounded.
You hit the gnoll but do no damage. You claw the gnoll.
The gnoll is severely wounded.
The gnoll hits you with a +0 spear. The gnoll hits you but does no damage.
You closely miss the gnoll.
The gnoll is severely wounded.
The gnoll closely misses you. The gnoll hits you with a +0 whip.
You barely miss the gnoll. You claw the gnoll.
You peck the gnoll, but do no damage.
The gnoll is almost dead.
The gnoll hits you with a +0 spear. The gnoll hits you with a +0 whip.
The gnoll hits you with a +0 spear.
* * * LOW HITPOINT WARNING * * *
You are too injured to fight recklessly!
You are too injured to fight recklessly!
You barely miss the gnoll. You peck the gnoll.
You kill the gnoll!
The gnoll hits you with a +0 whip.
* * * LOW HITPOINT WARNING * * *
The gnoll hits you with a +0 whip.
You die...

#.##..#.#
#.......# #...g..
#.###g#.#
#.......# ####.##
#.###.#.#
##############.#
#.....g.######
#.g.)..#
#####.#g.....#
#.######
#.#.####.# #.#
#.#.####.# #.#
#....g)#.######g#
###.##@<........#
#.####.########
#......# ########


You could see a gnoll.

Vanquished Creatures
  2 gnolls
  An adder (D:2)
  2 ball pythons
  An endoplasm (D:1)
  6 goblins
  5 hobgoblins
  7 kobolds
  2 quokkas (D:1)
  2 bats (D:1)
  2 frilled lizards
  2 rats (D:1)
32 creatures vanquished.

Notes
Turn   | Place    | Note
-------+----------+-------------------------------------------
     0 | D:1      | Ordine the Tengu Warper began the quest for the Orb.
     0 | D:1      | Reached XP level 1. HP: 12/12 MP: 4/4
   336 | D:1      | Reached XP level 2. HP: 3/17 MP: 6/6
   972 | D:1      | Reached skill level 3 in Maces & Flails
  1008 | D:1      | Found a faded altar of an unknown god.
  1067 | D:1      | Reached XP level 3. HP: 20/22 MP: 7/7
  1827 | D:2      | HP: 1/22 [adder (4)]
  2675 | D:2      | Slain by a gnoll

Illustrated notes

Levels and vault maps discovered:
D:1:      heliophobic_arrival_henge, layout_loops_ring, serial_rivers,
          chequers_serial_rivers_marsh, chequers_serial_rivers_small_a,
          chequers_serial_rivers_room_b, chequers_serial_rivers_large_a,
          chequers_serial_rivers_marsh, chequers_serial_rivers_large_b,
          hellmonk_ecumenical_altar_zigzags
D:2:      layout_loops_cross

Skill      XL: |  1  2 |
---------------+-------+-----
Maces & Flails | 3 |  3.5
Fighting       | |  2.5
Throwing       | |  1.9
Armour         | |  1.1
Dodging        | |  2.1
Spellcasting   | |  2.0
Translocations | |  2.4

Action                   || total
-------------------------++-------
Melee: Mace              ||    95
       Kick              ||    19
       Peck              ||     8
       Punch             ||     2
  Use: Potion            ||     1
Armor: Leather armour    ||    25
Dodge: Dodged            ||    67

Table legend: (Time is in decaauts)
 A = Elapsed time spent in this place.
 B = Non-inter-level travel time spent in this place.
 C = Inter-level travel time spent in this place.
 D = Time resting spent in this place.
 E = Time spent auto-exploring this place.
 F = Levels seen in this place.
 G = Mean time per level.
                   A        B        C        D        E       F      G
               +--------+--------+--------+--------+--------+-----+--------+
         Total |   2754 |   2724 |     30 |      0 |   2276 |   2 | 1377.0 |
       Dungeon |   2754 |   2724 |     30 |      0 |   2276 |   2 | 1377.0 |
               +--------+--------+--------+--------+--------+-----+--------+

Top non-repeatable levels by time:
     D:1: 2089 daAuts
     D:2: 665 daAuts
